 Seeded DCSS version 0.26.1-16-g4e020e15dc (webtiles) character file.

Game seed: 20230305 (custom seed)

245 Mickster the Shield-Bearer (level 5, -5/45 HPs)
             Began as a Demigod Fighter on Mar 5, 2023.
             Slain by an ogre
             ... wielding a +0 giant spiked club
              (25 damage)
             ... on level 4 of the Dungeon.
             The game lasted 00:24:49 (2182 turns).

Mickster the Shield-Bearer (Demigod Fighter)        Turns: 2182, Time: 00:24:50

Health: -5/45      AC: 10    Str: 21    XL:     5   Next: 53%
Magic:  7/7        EV:  6    Int: 15    God:
Gold:   255        SH: 10    Dex: 15    Spells: 4/4 levels left

rFire    . . .     SeeInvis .   p - +2 whip (elec)
rCold    . . .     Faith    .   c - +0 kite shield
rNeg     + . .     Spirit   .   r - +0 chain mail
rPois    .         Reflect  .   o - +0 helmet {Int+3}
rElec    .         Harm     .   (no cloak)
rCorr    .         Rampage  .   (no gloves)
Will     .....                  (no boots)
Stlth    ..........             (no amulet)
HPRegen  0.15/turn              k - ring of positive energy
MPRegen  0.10/turn              (no ring)

@: no status effects
A: high mp 1
a: no special abilities


You were on level 4 of the Dungeon.
You visited 1 branch of the dungeon, and saw 4 of its levels.

You collected 255 gold pieces.

Inventory:

Hand Weapons
 a - a +0 war axe
 g - a +0 flail
 i - a +0 mace
 p - a +2 whip of electrocution (weapon)
Missiles
 e - 19 arrows
 j - 7 javelins (quivered)
Armour
 b - a +0 scale mail
 c - a +0 kite shield (worn)
 n - a +0 robe of the Archmagi
 o - a +0 helmet of intelligence (worn)
 r - a +0 chain mail (worn)
Jewellery
 k - a ring of positive energy (left hand)
Scrolls
 f - a scroll of blinking
 h - 2 scrolls of remove curse
 m - a scroll of fog
Potions
 d - a potion of might
 q - 2 potions of mutation {unknown}


   Skills:
 + Level 3.3 Fighting
 - Level 2.9(3.3) Axes
 * Level 2.1(2.9) Maces & Flails
 + Level 3.2 Armour
 + Level 1.1 Dodging
 + Level 0.2 Stealth
 + Level 3.6 Shields


You had 4 spell levels left.
You didn't know any spells.
Your spell library was empty.

Dungeon Overview and Level Annotations

Branches:
Dungeon (4/15)
 Temple: D:4-7


Innate Abilities, Weirdness & Mutations

You have an increased reservoir of magic. (+10% MP)


Message History

The ogre is moderately wounded.
The orc wizard hits you but does no damage.
You block the orc's attack.
The ogre hits you with a +0 giant spiked club!
You block the orc's attack.
The orc wizard hits you but does no damage.
You hit the ogre.
The ogre is heavily wounded.
You block the orc's attack.
The orc wizard hits you but does no damage.
The ogre hits you with a +0 giant spiked club!
* * * LOW HITPOINT WARNING * * *
The orc barely misses you.
You feel better. The orc hits you but does no damage.
The orc wizard hits you but does no damage.
Your shield prevents you from hitting the orc wizard.
The orc hits you but does no damage.
The ogre hits you with a +0 giant spiked club!!
Ouch! That really hurt!
You die...

...... # .. ##. .#...##
.##># #.. .....##.#..
##..# ##......... #....
......#.##### ###.#.####
#........... .#..#....
#..O........ .......###
#.o@o.....$# .........#
#...o......# .........#
#..........#
..>......#####..........#
........................#
.............#.......####
..<...................##
........................
......................#..


You could see an ogre, an orc wizard and 2 orcs.

Vanquished Creatures
  A water moccasin (D:4)
  A hound (D:4)
  A hound skeleton (D:4)
  4 adders
  2 worms
  2 dart slugs (D:2)
  7 orcs
  4 bats
  4 giant cockroaches
  4 goblins
  4 hobgoblins
  6 jackals
  A ball python (D:1)
  3 frilled lizards
  2 kobolds
  4 rats
50 creatures vanquished.

Notes
Turn   | Place    | Note
-------+----------+-------------------------------------------
     0 | D:1      | Mickster the Demigod Fighter began the quest for the Orb.
     0 | D:1      | Reached XP level 1. HP: 18/18 MP: 3/3
   568 | D:2      | Reached XP level 2. HP: 23/25 MP: 4/4
  1124 | D:3      | Reached XP level 3. HP: 29/31 MP: 5/5
  1749 | D:4      | Noticed a water moccasin
  1756 | D:4      | Reached XP level 4. HP: 38/38 MP: 6/6
  1759 | D:4      | Killed a water moccasin
  1760 | D:4      | Reached skill level 1 in Maces & Flails
  1760 | D:4      | Reached skill level 1 in Dodging
  1760 | D:4      | Reached XP level 5. HP: 35/45 MP: 7/7
  2172 | D:4      | Noticed an ogre
  2182 | D:4      | Slain by an ogre

Illustrated notes

Levels and vault maps discovered:
D:1:      ebering_trefoil_twist, layout_basic, minmay_shallow_snake_nest
D:2:      layout_rooms, nicolae_ru_path_of_blood, hangedman_glass_teeth,
          minmay_misc_feat_more_columns, grunt_ministairs_14
D:3:      wad_pebble_path, layout_basic
D:4:      layout_rooms, general_overflow_altar, grunt_dithmenos_shadows

Skill      XL: |  1  2  3  4  5 |
---------------+----------------+-----
Fighting       | 3 |  3.3
Axes           | 2 |  2.9
Armour         | 3 |  3.2
Shields        | 3 |  3.6
Maces & Flails | 1 2 |  2.1
Dodging        | 1 |  1.1
Stealth        | |  0.2

Action                   |  1- 3 |  4- 6 || total
-------------------------+-------+-------++-------
Melee: War axe           |   121 |       ||   121
       Whip              |     2 |    30 ||    32
  Use: Scroll            |    10 |     1 ||    11
       Potion            |     5 |     1 ||     6
Armor: Scale mail        |    68 |     5 ||    73
       Chain mail        |       |     9 ||     9
Dodge: Dodged            |    65 |     8 ||    73
Block: Kite shield       |    92 |    26 ||   118
